Minnesota North Stars vs Detroit Red Wings
(R1)
Created - Friday, October 3, 2025 at 08:01
Goals
|
| Minnesota North Stars |
2 |
1 |
4 |
7 |
| Detroit Red Wings |
0 |
4 |
1 |
5 |
|
Shots
|
| Minnesota North Stars |
11 |
17 |
13 |
41 |
| Detroit Red Wings |
13 |
12 |
13 |
38 |
|
1st period
1. Minnesota North Stars , Brock Nelson 13 (William Eklund 19) at 11:14
2. Minnesota North Stars , Kent Johnson 5 (Ryan Nugent-Hopkins 14, Matt Roy 9) at 18:53
Penalties :
Max Pacioretty (DET) for Tripping (Minor) at 7:30, Cole Sillinger (DET) for Hooking (Minor) at 13:48
2nd period
3. Detroit Red Wings , Max Pacioretty 11 (Cole Sillinger 12) at 6:12
4. Detroit Red Wings , Peyton Krebs 5 (Jackson LaCombe 25, Kevin Stenlund 13) at 9:16
5. Detroit Red Wings , Cutter Gauthier 23 (Steven Stamkos 36, Shayne Gostisbehere 11) at 10:13
6. Detroit Red Wings , Peyton Krebs 6 (Conor Timmins 4, Cutter Gauthier 25) at 15:26
7. Minnesota North Stars , Jonathan Marchessault 17 (Kent Johnson 16, Rasmus Dahlin 14) at 19:58
Penalties :
Neal Pionk (MNS) for Interference (Minor) at 0:03, Niko Mikkola (MNS) for Tripping (Minor) at 10:16, Conor Timmins (DET) for Roughing (Minor) at 10:49, Matt Roy (MNS) for Roughing (Minor) at 16:10
3rd period
8. Minnesota North Stars , Evgeni Malkin 8 (Frank Vatrano 13, Jack Hughes 37) at 5:21
9. Minnesota North Stars , Evgeni Malkin 9 (Erik Cernak 6, Jack Hughes 38) at 5:57
10. Detroit Red Wings , Steven Stamkos 33 (Cutter Gauthier 26, Patrick Kane 33) at 6:40
11. Minnesota North Stars , Brock Nelson 14 (William Eklund 20) at 11:18
12. Minnesota North Stars , Jonathan Marchessault 18 (William Eklund 21, Brock Nelson 22) at 18:46 (Empty Net)
Penalties :
Neal Pionk (MNS) for Delaying the game (Minor) at 8:17, Ryan Graves (DET) for Delaying the game (Minor) at 14:00
Goalie Stats
Charlie Lindgren (MNS), 33 saves from 38 shots - (0.868), W, 6-11-3, 60:00 minutes
Laurent Brossoit (DET), 34 saves from 40 shots - (0.850), L, 16-11-3, 59:45 minutes
Players Stats for Minnesota North Stars
Player Name G A P +/- PIM S H SB GA TA FO MP PP MP PK MP
------------------------------------------------------------------------------------
Brock Nelson 2 1 3 1 0 3 1 0 0 0 15/22 15:02 2:54 0:00
Erik Cernak 0 1 1 2 0 2 1 1 0 0 0/0 16:29 0:00 2:58
Evgeni Malkin 2 0 2 0 0 2 2 0 0 0 1/4 16:28 3:27 0:00
Frank Vatrano 0 1 1 0 0 4 1 0 0 0 0/1 12:30 0:00 0:00
Gustav Forsling 0 0 0 2 0 1 0 1 0 1 0/0 24:11 3:31 4:00
Ivan Barbashev 0 0 0 1 0 0 2 0 0 0 0/0 8:01 0:00 0:00
Jack Hughes 0 2 2 0 0 2 0 1 0 0 12/21 16:03 3:03 0:00
Jonathan Marchessault 2 0 2 2 0 3 1 0 0 0 0/0 18:04 3:03 0:15
Kent Johnson 1 1 2 1 0 3 1 0 1 0 0/0 15:04 0:00 0:15
Matt Roy 0 1 1 -2 2 3 1 0 0 0 0/0 20:58 2:59 2:12
Mattias Janmark 0 0 0 0 0 0 3 0 0 0 0/0 8:55 0:00 3:19
Neal Pionk 0 0 0 -2 4 4 2 1 0 1 0/0 20:31 3:31 0:14
Niko Mikkola 0 0 0 2 2 1 1 0 0 1 0/0 19:12 0:33 2:45
Rasmus Dahlin 0 1 1 2 0 2 2 1 1 0 0/0 19:39 2:59 0:51
Ryan Nugent-Hopkins 0 1 1 0 0 4 3 1 0 0 5/7 15:39 0:00 2:56
Valeri Nichushkin 0 0 0 0 0 2 0 2 1 0 0/1 16:33 3:03 0:00
William Eklund 0 3 3 1 0 3 7 0 1 0 1/1 19:55 3:27 2:56
William Karlsson 0 0 0 0 0 2 1 0 0 0 1/2 8:46 0:00 3:19
Players Stats for Detroit Red Wings
Player Name G A P +/- PIM S H SB GA TA FO MP PP MP PK MP
------------------------------------------------------------------------------------
Cole Sillinger 0 1 1 -1 2 2 3 2 0 0 7/17 17:43 3:11 2:02
Conor Timmins 0 1 1 -2 2 0 2 3 0 0 0/0 16:55 3:16 3:18
Cutter Gauthier 1 2 3 0 0 3 2 2 0 0 1/4 17:54 3:13 0:05
Jackson LaCombe 0 1 1 -1 0 3 1 1 1 0 0/0 29:28 3:13 3:12
Jamie Drysdale 0 0 0 1 0 1 2 2 0 0 0/0 21:54 3:13 1:32
Jayden Struble 0 0 0 -2 0 0 2 3 0 0 0/0 10:04 0:00 0:00
Kasperi Kapanen 0 0 0 -1 0 3 0 0 0 0 0/0 10:03 0:06 0:00
Kevin Stenlund 0 1 1 -1 0 0 1 0 0 0 2/6 15:55 0:06 3:13
Max Pacioretty 1 0 1 -1 2 2 2 1 0 0 1/1 14:32 3:11 0:00
Patrick Kane 0 1 1 0 0 3 0 0 0 0 0/0 17:07 3:13 0:00
Peyton Krebs 2 0 2 0 0 3 3 0 1 1 1/1 11:35 0:00 1:06
Raphael Lavoie 0 0 0 0 0 1 1 0 1 1 0/0 9:23 0:00 0:00
Ryan Graves 0 0 0 -1 2 3 2 1 0 1 0/0 21:21 0:00 1:40
Shayne Gostisbehere 0 1 1 1 0 4 1 0 0 1 0/0 20:28 3:17 3:18
Steven Stamkos 1 1 2 0 0 4 2 1 0 0 9/26 20:40 3:13 3:22
Tanner Pearson 0 0 0 -1 0 1 0 0 0 0 0/0 15:07 3:11 0:00
Vasili Podkolzin 0 0 0 -1 0 2 2 2 0 0 0/0 10:14 0:06 0:09
Yakov Trenin 0 0 0 0 0 3 0 0 0 0 3/4 11:37 0:00 3:03
3 Stars
1 - Brock Nelson (MNS)
2 - Jonathan Marchessault (MNS)
3 - William Eklund (MNS)
Power Play
Minnesota North Stars - 0 on 4 Attempt(s) - 0.00%
Detroit Red Wings - 0 on 4 Attempt(s) - 0.00%
Penalty Kill
Minnesota North Stars - 4 on 4 Attempt(s) - 100.00%
- Score 0 goal in Penalty Kill
Detroit Red Wings - 4 on 4 Attempt(s) - 100.00%
- Score 0 goal in Penalty Kill
Team Stat
Minnesota North Stars - Hits : 29 - Faceoff Wins : 35 - Blocked Shots : 8 - Penalty Minutes : 8
Detroit Red Wings - Hits : 26 - Faceoff Wins : 24 - Blocked Shots : 18 - Penalty Minutes : 8
Official
Referees : Francois St Laurent and Frederick L'Ecuyer
Linesman : Ryan Daisy and Tyson Baker
Game Notes
Jonathan Marchessault has scored in a empty net!
Finance
Level 1 -- Attendance: 5604 (93.40%) -- Ticket Income $532,380
Level 2 -- Attendance: 4947 (98.94%) -- Ticket Income $272,085
Level 3 -- Attendance: 3000 (100.00%) -- Ticket Income $90,000
Level 4 -- Attendance: 4776 (95.52%) -- Ticket Income $95,520
Luxury Box -- Attendance: 877 (87.70%) -- Ticket Income $166,630
Game was played at the Joe Louis Arena.
Total Attendance: 19204 (96.02%)
Total Ticket Income: $1,156,615
Other Income: $404,815
Total Income: $1,561,430
Minnesota North Stars
5 vs 5 Forward
Center Left Wing Right Wing Time % Phy DF OF
1 Ryan Nugent-Hopkins Kent Johnson Valeri Nichushkin 32 0 2 3
2 Jack Hughes Evgeni Malkin Frank Vatrano 31 0 2 3
3 Brock Nelson William Eklund Jonathan Marchessault 31 0 2 3
4 William Karlsson Ivan Barbashev Mattias Janmark 6 0 4 1
5 vs 5 Defense
Defense Defense Time % Phy DF OF
1 Neal Pionk Matt Roy 34 1 2 2
2 Rasmus Dahlin Erik Cernak 33 1 2 2
3 Gustav Forsling Niko Mikkola 33 1 3 1
4 Rasmus Dahlin Matt Roy 0 0 3 2
PowerPlay Forward
Center Left Wing Right Wing Time % Phy DF OF
1 Jack Hughes Jonathan Marchessault Valeri Nichushkin 50 0 1 4
2 Evgeni Malkin Brock Nelson William Eklund 50 0 1 4
PowerPlay Defense
Defense Defense Time % Phy DF OF
1 Rasmus Dahlin Matt Roy 50 0 2 3
2 Gustav Forsling Neal Pionk 50 0 2 3
Penalty Kill 4 Players Forward
Center Wing Time % Phy DF OF
1 Ryan Nugent-Hopkins William Eklund 50 0 5 0
2 William Karlsson Mattias Janmark 50 0 5 0
Penalty Kill 4 Players Defense
Defense Defense Time % Phy DF OF
1 Erik Cernak Gustav Forsling 50 0 5 0
2 Matt Roy Niko Mikkola 50 0 5 0
Penalty Kill - 3 Players Forward
Forward Time % Phy DF OF
1 Ryan Nugent-Hopkins 50 0 5 0
2 Mattias Janmark 50 0 5 0
Penalty Kill - 3 Players Defense
Defense Defense Time % Phy DF OF
1 Matt Roy Erik Cernak 50 0 5 0
2 Gustav Forsling Niko Mikkola 50 0 5 0
4 vs 4 Forward
Center Wing Time % Phy DF OF
1 Jack Hughes Valeri Nichushkin 50 1 1 3
2 Evgeni Malkin William Eklund 50 1 1 3
4 vs 4 Defense
Defense Defense Time % Phy DF OF
1 Rasmus Dahlin Neal Pionk 50 1 3 1
2 Gustav Forsling Niko Mikkola 50 1 3 1
Last Minutes Offensive
Center Left Wing Right Wing Defense Defense
Jack Hughes Jonathan Marchessault Valeri Nichushkin Rasmus Dahlin Gustav Forsling
Last Minutes Defensive
Center Left Wing Right Wing Defense Defense
Ryan Nugent-Hopkins Mattias Janmark Valeri Nichushkin Erik Cernak Gustav Forsling
Goaltenders
Starting : Charlie Lindgren
Backup : Logan Thompson
Extra Forwards
Normal : William Eklund, Ivan Barbashev, Jonathan Marchessault - PP : William Eklund, Jonathan Marchessault - PK : Jonathan Marchessault
Extra Defensemen
Normal : Neal Pionk, Niko Mikkola, Gustav Forsling - PP : Neal Pionk - PK : Niko Mikkola, Gustav Forsling
Penalty Shots
William Eklund, Jonathan Marchessault, Valeri Nichushkin, Evgeni Malkin, Ryan Nugent-Hopkins
Scratches
Lawson Crouse (Healthy), Dylan DeMelo (Healthy)
Detroit Red Wings
5 vs 5 Forward
Center Left Wing Right Wing Time % Phy DF OF
1 Steven Stamkos Cutter Gauthier Patrick Kane 35 1 2 2
2 Cole Sillinger Tanner Pearson Max Pacioretty 35 1 1 3
3 Kevin Stenlund Peyton Krebs Raphael Lavoie 20 1 2 2
4 Yakov Trenin Vasili Podkolzin Kasperi Kapanen 10 2 2 1
5 vs 5 Defense
Defense Defense Time % Phy DF OF
1 Ryan Graves Jackson LaCombe 40 1 2 2
2 Jamie Drysdale Shayne Gostisbehere 30 1 2 2
3 Conor Timmins Jayden Struble 20 3 1 1
4 Jamie Drysdale Jackson LaCombe 10 1 2 2
PowerPlay Forward
Center Left Wing Right Wing Time % Phy DF OF
1 Steven Stamkos Cutter Gauthier Patrick Kane 50 0 1 4
2 Cole Sillinger Tanner Pearson Max Pacioretty 50 0 1 4
PowerPlay Defense
Defense Defense Time % Phy DF OF
1 Jamie Drysdale Jackson LaCombe 50 1 2 2
2 Conor Timmins Shayne Gostisbehere 50 1 2 2
Penalty Kill 4 Players Forward
Center Wing Time % Phy DF OF
1 Steven Stamkos Kevin Stenlund 50 2 2 1
2 Cole Sillinger Yakov Trenin 50 2 2 1
Penalty Kill 4 Players Defense
Defense Defense Time % Phy DF OF
1 Ryan Graves Jackson LaCombe 50 2 2 1
2 Conor Timmins Shayne Gostisbehere 50 2 2 1
Penalty Kill - 3 Players Forward
Forward Time % Phy DF OF
1 Steven Stamkos 50 1 2 2
2 Cole Sillinger 50 1 2 2
Penalty Kill - 3 Players Defense
Defense Defense Time % Phy DF OF
1 Ryan Graves Jackson LaCombe 50 1 2 2
2 Conor Timmins Jamie Drysdale 50 2 2 1
4 vs 4 Forward
Center Wing Time % Phy DF OF
1 Cutter Gauthier Cole Sillinger 60 1 2 2
2 Steven Stamkos Patrick Kane 40 1 1 3
4 vs 4 Defense
Defense Defense Time % Phy DF OF
1 Jamie Drysdale Jackson LaCombe 60 1 2 2
2 Ryan Graves Shayne Gostisbehere 40 1 2 2
Last Minutes Offensive
Center Left Wing Right Wing Defense Defense
Steven Stamkos Cutter Gauthier Patrick Kane Jamie Drysdale Jackson LaCombe
Last Minutes Defensive
Center Left Wing Right Wing Defense Defense
Steven Stamkos Cole Sillinger Patrick Kane Jamie Drysdale Jackson LaCombe
Goaltenders
Starting : Laurent Brossoit
Backup : Vitek Vanecek
Extra Forwards
Normal : Kevin Stenlund, Peyton Krebs, Tanner Pearson - PP : Kevin Stenlund, Tanner Pearson - PK : Yakov Trenin
Extra Defensemen
Normal : Shayne Gostisbehere, Jamie Drysdale, Ryan Graves - PP : Shayne Gostisbehere - PK : Shayne Gostisbehere, Jamie Drysdale
Penalty Shots
Steven Stamkos, Patrick Kane, Cutter Gauthier, Max Pacioretty, Cole Sillinger
Scratches
Daniel Torgersson (Healthy), Christian Fischer (Healthy), Rasmus Kupari (Sore Right Knee Injury), Ville Husso (Healthy)
% Time on Ice - Minnesota North Stars
Lines # - Real PCT - Wanted PCT - Time Play
Normal Forward
1 - 33% - 32% - 15:07
2 - 28% - 31% - 12:56
3 - 27% - 31% - 12:06
4 - 12% - 6% - 5:25
Normal Defense
1 - 33% - 34% - 15:09
2 - 33% - 33% - 15:13
3 - 33% - 33% - 15:12
4 - 0% - 0% - 0:00
PP Forward
1 - 47% - 50% - 3:03
2 - 53% - 50% - 3:27
PP Defense
1 - 46% - 50% - 2:59
2 - 54% - 50% - 3:31
PK Forward
1 - 49% - 50% - 3:11
2 - 51% - 50% - 3:19
PK Defense
1 - 46% - 50% - 2:58
2 - 54% - 50% - 3:32
PK3 Forward
1 - 0% - 50%
2 - 0% - 50%
PK3 Defense
1 - 0% - 50%
2 - 0% - 50%
44 Forward
1 - 53% - 50% - 0:46
2 - 47% - 50% - 0:40
44 Defense
1 - 55% - 50% - 0:47
2 - 45% - 50% - 0:39
Last Minute Offensive - 0:00
Last Minute Defensive - 0:00
Total
Forward - 60:00
Defense - 60:00
|
% Time on Ice - Detroit Red Wings
Lines # - Real PCT - Wanted PCT - Time Play
Normal Forward
1 - 32% - 35% - 14:25
2 - 31% - 35% - 13:54
3 - 21% - 20% - 9:23
4 - 17% - 10% - 7:52
Normal Defense
1 - 45% - 40% - 20:25
2 - 29% - 30% - 13:24
3 - 21% - 20% - 9:34
4 - 5% - 10% - 2:11
PP Forward
1 - 51% - 50% - 3:17
2 - 49% - 50% - 3:13
PP Defense
1 - 49% - 50% - 3:13
2 - 51% - 50% - 3:17
PK Forward
1 - 53% - 50% - 3:27
2 - 47% - 50% - 3:03
PK Defense
1 - 49% - 50% - 3:12
2 - 51% - 50% - 3:18
PK3 Forward
1 - 0% - 50%
2 - 0% - 50%
PK3 Defense
1 - 0% - 50%
2 - 0% - 50%
44 Forward
1 - 87% - 60% - 1:15
2 - 13% - 40% - 0:11
44 Defense
1 - 66% - 60% - 0:57
2 - 34% - 40% - 0:29
Last Minute Offensive - 0:00
Last Minute Defensive - 0:00
Total
Forward - 60:00
Defense - 60:00
|
Play-by-Play
1st period
0:01 of 1st period - Steven Stamkos wins face-off versus Ryan Nugent-Hopkins in neutral zone.
0:04 of 1st period - Snap shot by Steven Stamkos.
0:04 of 1st period - Shot Blocked by Ryan Nugent-Hopkins.
0:26 of 1st period - Evgeni Malkin is hit by Cole Sillinger and loses puck.
0:38 of 1st period - Off-side.
0:39 of 1st period - Kevin Stenlund wins face-off versus Brock Nelson in neutral zone.
0:51 of 1st period - Off-side.
0:52 of 1st period - William Eklund wins face-off versus Yakov Trenin in neutral zone.
0:59 of 1st period - Wrist shot by Jackson LaCombe.
0:59 of 1st period - Shot Misses the Net.
1:01 of 1st period - Wrist shot by Kasperi Kapanen.
1:01 of 1st period - Stopped by Charlie Lindgren with a rebound.
1:03 of 1st period - Wrist shot by Yakov Trenin.
1:03 of 1st period - Stopped by Charlie Lindgren with a rebound.
1:05 of 1st period - Slapshot by Jackson LaCombe.
1:05 of 1st period - Shot Misses the Net.
1:07 of 1st period - Slapshot by Jamie Drysdale.
1:07 of 1st period - Shot Misses the Net.
1:21 of 1st period - Off-side.
1:22 of 1st period - William Karlsson wins face-off versus Cutter Gauthier in neutral zone.
1:37 of 1st period - Snap shot by William Karlsson.
1:37 of 1st period - Stopped by Laurent Brossoit without a rebound.
1:38 of 1st period - Cole Sillinger wins face-off versus Jack Hughes in Detroit Red Wings zone.
2:10 of 1st period - Wrist shot by Valeri Nichushkin.
2:10 of 1st period - Shot Misses the Net.
2:30 of 1st period - Cutter Gauthier is hit by William Eklund and loses puck.
4:25 of 1st period - Snap shot by Frank Vatrano.
4:25 of 1st period - Shot Misses the Net.
4:43 of 1st period - Peyton Krebs is hit by Niko Mikkola.
5:19 of 1st period - Wrist shot by William Eklund.
5:19 of 1st period - Stopped by Laurent Brossoit without a rebound.
5:20 of 1st period - Jack Hughes wins face-off versus Cole Sillinger in Detroit Red Wings zone.
5:25 of 1st period - Snap shot by Jack Hughes.
5:25 of 1st period - Shot Misses the Net.
5:33 of 1st period - Wrist shot by Jack Hughes.
5:33 of 1st period - Stopped by Laurent Brossoit without a rebound.
5:34 of 1st period - Ryan Nugent-Hopkins wins face-off versus Steven Stamkos in Detroit Red Wings zone.
5:35 of 1st period - Wrist shot by Kent Johnson.
5:35 of 1st period - Shot Misses the Net.
5:43 of 1st period - Snap shot by Steven Stamkos.
5:43 of 1st period - Stopped by Charlie Lindgren with a rebound.
6:03 of 1st period - Wrist shot by Cole Sillinger.
6:03 of 1st period - Stopped by Charlie Lindgren with a rebound.
7:09 of 1st period - Slapshot by Jackson LaCombe.
7:09 of 1st period - Stopped by Charlie Lindgren with a rebound.
7:27 of 1st period - Snap shot by Brock Nelson.
7:27 of 1st period - Stopped by Laurent Brossoit without a rebound.
7:28 of 1st period - Cole Sillinger wins face-off versus Jack Hughes in Detroit Red Wings zone.
7:30 of 1st period - Minor Penalty to Max Pacioretty for Tripping.
7:31 of 1st period - Jack Hughes wins face-off versus Kevin Stenlund in Detroit Red Wings zone.
8:51 of 1st period - Ryan Graves is hit by Jonathan Marchessault and loses puck.
9:02 of 1st period - Kevin Stenlund is hit by Neal Pionk and loses puck.
9:30 of 1st period - Penalty to Max Pacioretty is over, Max Pacioretty is back on ice.
10:22 of 1st period - Tanner Pearson is hit by Matt Roy and loses puck.
10:35 of 1st period - Niko Mikkola is hit by Peyton Krebs and loses puck.
11:06 of 1st period - Slapshot by Kasperi Kapanen.
11:06 of 1st period - Shot Misses the Net.
11:08 of 1st period - Backhand shot by Kasperi Kapanen.
11:08 of 1st period - Stopped by Charlie Lindgren without a rebound.
11:09 of 1st period - Brock Nelson wins face-off versus Kevin Stenlund in Minnesota North Stars zone.
11:14 of 1st period - Snap shot by Brock Nelson.
11:14 of 1st period - Deflect By Shayne Gostisbehere.
11:14 of 1st period - Goal by Brock Nelson - Minnesota North Stars : 1 - Detroit Red Wings : 0.
11:15 of 1st period - Jack Hughes wins face-off versus Steven Stamkos in neutral zone.
11:22 of 1st period - Snap shot by Frank Vatrano.
11:22 of 1st period - Shot Misses the Net.
11:24 of 1st period - Snap shot by Jack Hughes.
11:24 of 1st period - Deflect By Frank Vatrano.
11:24 of 1st period - Stopped by Laurent Brossoit with a rebound.
11:40 of 1st period - Cole Sillinger is hit by William Eklund and loses puck.
11:45 of 1st period - Snap shot by Brock Nelson.
11:45 of 1st period - Shot Misses the Net.
11:47 of 1st period - Slapshot by Matt Roy.
11:47 of 1st period - Deflect By Cole Sillinger.
11:47 of 1st period - Stopped by Laurent Brossoit with a rebound.
11:49 of 1st period - Slapshot by Matt Roy.
11:49 of 1st period - Shot Blocked by Max Pacioretty.
11:51 of 1st period - Wrist shot by Brock Nelson.
11:51 of 1st period - Shot Misses the Net.
12:40 of 1st period - Snap shot by Ryan Nugent-Hopkins.
12:40 of 1st period - Shot Misses the Net.
13:02 of 1st period - Wrist shot by Kent Johnson.
13:02 of 1st period - Stopped by Laurent Brossoit with a rebound.
13:04 of 1st period - Snap shot by Valeri Nichushkin.
13:04 of 1st period - Stopped by Laurent Brossoit without a rebound.
13:05 of 1st period - Steven Stamkos wins face-off versus Jack Hughes in Detroit Red Wings zone.
13:36 of 1st period - Wrist shot by Brock Nelson.
13:36 of 1st period - Shot Blocked by Ryan Graves.
13:38 of 1st period - Backhand shot by Jonathan Marchessault.
13:38 of 1st period - Shot Misses the Net.
13:48 of 1st period - Minor Penalty to Cole Sillinger for Hooking.
13:49 of 1st period - Peyton Krebs wins face-off versus Evgeni Malkin in Detroit Red Wings zone.
14:41 of 1st period - Icing by Brock Nelson.
14:42 of 1st period - Evgeni Malkin wins face-off versus Steven Stamkos in Minnesota North Stars zone.
14:47 of 1st period - Conor Timmins is hit by William Eklund and loses puck.
15:48 of 1st period - Penalty to Cole Sillinger is over, Cole Sillinger is back on ice.
16:13 of 1st period - Gustav Forsling is hit by Peyton Krebs and loses puck.
16:20 of 1st period - Ryan Nugent-Hopkins is hit by Cole Sillinger.
16:30 of 1st period - Erik Cernak is hit by Shayne Gostisbehere and loses puck.
16:43 of 1st period - Wrist shot by Steven Stamkos.
16:43 of 1st period - Stopped by Charlie Lindgren without a rebound.
16:44 of 1st period - Steven Stamkos wins face-off versus Brock Nelson in Minnesota North Stars zone.
16:45 of 1st period - Snap shot by Patrick Kane.
16:45 of 1st period - Stopped by Charlie Lindgren with a rebound.
16:47 of 1st period - Slapshot by Jackson LaCombe.
16:47 of 1st period - Shot Misses the Net.
16:49 of 1st period - Slapshot by Jackson LaCombe.
16:49 of 1st period - Stopped by Charlie Lindgren with a rebound.
17:09 of 1st period - Jackson LaCombe is hit by Evgeni Malkin and loses puck.
18:19 of 1st period - Conor Timmins is hit by Frank Vatrano and loses puck.
18:51 of 1st period - Wrist shot by Ryan Nugent-Hopkins.
18:51 of 1st period - Stopped by Laurent Brossoit with a rebound.
18:53 of 1st period - Snap shot by Kent Johnson.
18:53 of 1st period - Goal by Kent Johnson - Minnesota North Stars : 2 - Detroit Red Wings : 0.
18:54 of 1st period - Brock Nelson wins face-off versus Steven Stamkos in neutral zone.
19:03 of 1st period - Snap shot by Cutter Gauthier.
19:03 of 1st period - Stopped by Charlie Lindgren with a rebound.
19:05 of 1st period - Slapshot by Ryan Graves.
19:05 of 1st period - Stopped by Charlie Lindgren with a rebound.
19:07 of 1st period - Wrist shot by Cutter Gauthier.
19:07 of 1st period - Deflect By Patrick Kane.
19:07 of 1st period - Stopped by Charlie Lindgren with a rebound.
19:09 of 1st period - Slapshot by Cutter Gauthier.
19:09 of 1st period - Stopped by Charlie Lindgren with a rebound.
19:19 of 1st period - Jack Hughes is hit by Max Pacioretty and loses puck.
Goals for this period are 2 for Minnesota North Stars vs 0 for Detroit Red Wings.
Shots for this period are 11 for Minnesota North Stars vs 13 for Detroit Red Wings.
2nd period
0:01 of 2nd period - Brock Nelson wins face-off versus Steven Stamkos in neutral zone.
0:03 of 2nd period - Minor Penalty to Neal Pionk for Interference.
0:04 of 2nd period - Ryan Nugent-Hopkins wins face-off versus Steven Stamkos in Minnesota North Stars zone.
0:30 of 2nd period - Jackson LaCombe is hit by William Eklund and loses puck.
1:05 of 2nd period - Mattias Janmark is hit by Jackson LaCombe and loses puck.
2:03 of 2nd period - Penalty to Neal Pionk is over, Neal Pionk is back on ice.
2:12 of 2nd period - Niko Mikkola is hit by Vasili Podkolzin and loses puck.
2:50 of 2nd period - Kevin Stenlund is hit by Rasmus Dahlin and loses puck.
3:01 of 2nd period - Ryan Nugent-Hopkins is hit by Cutter Gauthier.
3:20 of 2nd period - Cole Sillinger is hit by William Karlsson and loses puck.
3:33 of 2nd period - Frank Vatrano is hit by Vasili Podkolzin.
3:56 of 2nd period - Jackson LaCombe is hit by Brock Nelson and loses puck.
4:31 of 2nd period - Yakov Trenin is hit by Ivan Barbashev and loses puck.
4:50 of 2nd period - Gustav Forsling is hit by Jamie Drysdale and loses puck.
5:24 of 2nd period - Conor Timmins is hit by Neal Pionk.
5:27 of 2nd period - Off-side.
5:28 of 2nd period - Jack Hughes wins face-off versus Steven Stamkos in neutral zone.
5:37 of 2nd period - Backhand shot by Frank Vatrano.
5:37 of 2nd period - Stopped by Laurent Brossoit without a rebound.
5:38 of 2nd period - Steven Stamkos wins face-off versus Brock Nelson in Detroit Red Wings zone.
5:53 of 2nd period - Snap shot by Steven Stamkos.
5:53 of 2nd period - Stopped by Charlie Lindgren with a rebound.
6:05 of 2nd period - Matt Roy is hit by Ryan Graves and loses puck.
6:10 of 2nd period - Slapshot by Cole Sillinger.
6:10 of 2nd period - Stopped by Charlie Lindgren without a rebound.
6:11 of 2nd period - Cole Sillinger wins face-off versus Jack Hughes in Minnesota North Stars zone.
6:12 of 2nd period - Wrist shot by Max Pacioretty.
6:12 of 2nd period - Goal by Max Pacioretty - Minnesota North Stars : 2 - Detroit Red Wings : 1.
6:13 of 2nd period - Cole Sillinger wins face-off versus Brock Nelson in neutral zone.
6:27 of 2nd period - Slapshot by Jackson LaCombe.
6:27 of 2nd period - Shot Misses the Net.
6:39 of 2nd period - Wrist shot by Ryan Nugent-Hopkins.
6:39 of 2nd period - Stopped by Laurent Brossoit with a rebound.
7:38 of 2nd period - Wrist shot by William Eklund.
7:38 of 2nd period - Stopped by Laurent Brossoit without a rebound.
7:39 of 2nd period - Jack Hughes wins face-off versus Steven Stamkos in Detroit Red Wings zone.
7:40 of 2nd period - Slapshot by Frank Vatrano.
7:40 of 2nd period - Shot Misses the Net.
7:42 of 2nd period - Slapshot by Frank Vatrano.
7:42 of 2nd period - Shot Blocked by Steven Stamkos.
7:50 of 2nd period - Wrist shot by Frank Vatrano.
7:50 of 2nd period - Stopped by Laurent Brossoit without a rebound.
7:51 of 2nd period - Steven Stamkos wins face-off versus Brock Nelson in Detroit Red Wings zone.
8:03 of 2nd period - Off-side.
8:04 of 2nd period - Max Pacioretty wins face-off versus Frank Vatrano in neutral zone.
8:07 of 2nd period - Slapshot by Jackson LaCombe.
8:07 of 2nd period - Stopped by Charlie Lindgren without a rebound.
8:08 of 2nd period - Jack Hughes wins face-off versus Cole Sillinger in Minnesota North Stars zone.
8:37 of 2nd period - Wrist shot by Ryan Nugent-Hopkins.
8:37 of 2nd period - Stopped by Laurent Brossoit without a rebound.
8:38 of 2nd period - Ryan Nugent-Hopkins wins face-off versus Kevin Stenlund in Detroit Red Wings zone.
8:57 of 2nd period - Erik Cernak is hit by Raphael Lavoie and loses puck.
9:14 of 2nd period - Snap shot by Peyton Krebs.
9:14 of 2nd period - Shot Misses the Net.
9:16 of 2nd period - Slapshot by Jackson LaCombe.
9:16 of 2nd period - Deflect By Peyton Krebs.
9:16 of 2nd period - Goal by Peyton Krebs - Minnesota North Stars : 2 - Detroit Red Wings : 2.
9:17 of 2nd period - Brock Nelson wins face-off versus Steven Stamkos in neutral zone.
9:26 of 2nd period - Wrist shot by William Eklund.
9:26 of 2nd period - Shot Misses the Net.
9:33 of 2nd period - Icing by Shayne Gostisbehere.
9:34 of 2nd period - Steven Stamkos wins face-off versus Jack Hughes in Detroit Red Wings zone.
9:53 of 2nd period - Snap shot by Patrick Kane.
9:53 of 2nd period - Shot Misses the Net.
9:55 of 2nd period - Slapshot by Shayne Gostisbehere.
9:55 of 2nd period - Stopped by Charlie Lindgren with a rebound.
9:57 of 2nd period - Snap shot by Jamie Drysdale.
9:57 of 2nd period - Stopped by Charlie Lindgren with a rebound.
9:59 of 2nd period - Slapshot by Shayne Gostisbehere.
9:59 of 2nd period - Stopped by Charlie Lindgren with a rebound.
10:01 of 2nd period - Snap shot by Patrick Kane.
10:01 of 2nd period - Stopped by Charlie Lindgren with a rebound.
10:03 of 2nd period - Wrist shot by Steven Stamkos.
10:03 of 2nd period - Shot Misses the Net.
10:13 of 2nd period - Wrist shot by Cutter Gauthier.
10:13 of 2nd period - Goal by Cutter Gauthier - Minnesota North Stars : 2 - Detroit Red Wings : 3.
10:14 of 2nd period - Brock Nelson wins face-off versus Cole Sillinger in neutral zone.
10:16 of 2nd period - Minor Penalty to Niko Mikkola for Tripping.
10:17 of 2nd period - Ryan Nugent-Hopkins wins face-off versus Cole Sillinger in Minnesota North Stars zone.
10:17 of 2nd period - Ryan Nugent-Hopkins is hit by Cole Sillinger.
10:34 of 2nd period - William Karlsson is hit by Conor Timmins and loses puck.
10:49 of 2nd period - Minor Penalty to Conor Timmins for Roughing.
10:50 of 2nd period - Jack Hughes wins face-off versus Cutter Gauthier in Detroit Red Wings zone.
10:51 of 2nd period - Backhand shot by Valeri Nichushkin.
10:51 of 2nd period - Stopped by Laurent Brossoit with a rebound.
10:53 of 2nd period - Snap shot by Neal Pionk.
10:53 of 2nd period - Stopped by Laurent Brossoit with a rebound.
10:55 of 2nd period - Snap shot by Neal Pionk.
10:55 of 2nd period - Stopped by Laurent Brossoit with a rebound.
10:57 of 2nd period - Slapshot by Rasmus Dahlin.
10:57 of 2nd period - Shot Blocked by Cole Sillinger.
10:59 of 2nd period - Slapshot by Rasmus Dahlin.
10:59 of 2nd period - Shot Blocked by Cutter Gauthier.
11:01 of 2nd period - Snap shot by Neal Pionk.
11:01 of 2nd period - Shot Misses the Net.
11:03 of 2nd period - Slapshot by Neal Pionk.
11:03 of 2nd period - Deflect By Jack Hughes.
11:03 of 2nd period - Stopped by Laurent Brossoit with a rebound.
11:05 of 2nd period - Snap shot by Rasmus Dahlin.
11:05 of 2nd period - Stopped by Laurent Brossoit with a rebound.
11:57 of 2nd period - Icing by Gustav Forsling.
11:58 of 2nd period - Kevin Stenlund wins face-off versus Jack Hughes in Minnesota North Stars zone.
11:59 of 2nd period - Slapshot by Jamie Drysdale.
11:59 of 2nd period - Shot Blocked by Valeri Nichushkin.
12:01 of 2nd period - Snap shot by Peyton Krebs.
12:01 of 2nd period - Shot Misses the Net.
12:03 of 2nd period - Wrist shot by Kevin Stenlund.
12:03 of 2nd period - Shot Misses the Net.
12:05 of 2nd period - Snap shot by Peyton Krebs.
12:05 of 2nd period - Stopped by Charlie Lindgren without a rebound.
12:06 of 2nd period - Cutter Gauthier wins face-off versus Evgeni Malkin in Minnesota North Stars zone.
12:16 of 2nd period - Penalty to Niko Mikkola is over, Niko Mikkola is back on ice.
12:39 of 2nd period - Snap shot by Evgeni Malkin.
12:39 of 2nd period - Shot Misses the Net.
12:49 of 2nd period - Penalty to Conor Timmins is over, Conor Timmins is back on ice.
12:57 of 2nd period - Snap shot by William Eklund.
12:57 of 2nd period - Stopped by Laurent Brossoit without a rebound.
12:58 of 2nd period - Ryan Nugent-Hopkins wins face-off versus Cole Sillinger in Detroit Red Wings zone.
13:01 of 2nd period - Backhand shot by Valeri Nichushkin.
13:01 of 2nd period - Shot Blocked by Cole Sillinger.
13:23 of 2nd period - Jayden Struble is hit by Mattias Janmark and loses puck.
13:42 of 2nd period - Snap shot by Jonathan Marchessault.
13:42 of 2nd period - Stopped by Laurent Brossoit with a rebound.
13:52 of 2nd period - Jonathan Marchessault is hit by Steven Stamkos and loses puck.
14:41 of 2nd period - Jamie Drysdale is hit by Mattias Janmark and loses puck.
14:48 of 2nd period - Wrist shot by Ivan Barbashev.
14:48 of 2nd period - Shot Blocked by Jayden Struble.
14:50 of 2nd period - Backhand shot by Niko Mikkola.
14:50 of 2nd period - Stopped by Laurent Brossoit with a rebound.
15:07 of 2nd period - Matt Roy is hit by Jayden Struble and loses puck.
15:26 of 2nd period - Wrist shot by Peyton Krebs.
15:26 of 2nd period - Goal by Peyton Krebs - Minnesota North Stars : 2 - Detroit Red Wings : 4.
15:27 of 2nd period - Brock Nelson wins face-off versus Cole Sillinger in neutral zone.
15:54 of 2nd period - Gustav Forsling is hit by Steven Stamkos.
16:10 of 2nd period - Minor Penalty to Matt Roy for Roughing.
16:11 of 2nd period - Steven Stamkos wins face-off versus Ryan Nugent-Hopkins in Minnesota North Stars zone.
16:38 of 2nd period - Shayne Gostisbehere is hit by William Eklund and loses puck.
17:00 of 2nd period - Patrick Kane is hit by Mattias Janmark and loses puck.
18:10 of 2nd period - Penalty to Matt Roy is over, Matt Roy is back on ice.
18:11 of 2nd period - Rasmus Dahlin is hit by Kevin Stenlund and loses puck.
18:28 of 2nd period - Jackson LaCombe is hit by Kent Johnson and loses puck.
18:48 of 2nd period - Snap shot by Neal Pionk.
18:48 of 2nd period - Shot Blocked by Vasili Podkolzin.
18:50 of 2nd period - Snap shot by Jonathan Marchessault.
18:50 of 2nd period - Shot Blocked by Jackson LaCombe.
19:14 of 2nd period - Jamie Drysdale is hit by Ivan Barbashev and loses puck.
19:32 of 2nd period - Slapshot by Matt Roy.
19:32 of 2nd period - Shot Blocked by Conor Timmins.
19:34 of 2nd period - Slapshot by Neal Pionk.
19:34 of 2nd period - Stopped by Laurent Brossoit with a rebound.
19:36 of 2nd period - Slapshot by Neal Pionk.
19:36 of 2nd period - Stopped by Laurent Brossoit with a rebound.
19:38 of 2nd period - Slapshot by Neal Pionk.
19:38 of 2nd period - Shot Blocked by Jayden Struble.
19:42 of 2nd period - Snap shot by Jonathan Marchessault.
19:42 of 2nd period - Shot Misses the Net.
19:44 of 2nd period - Wrist shot by Erik Cernak.
19:44 of 2nd period - Shot Blocked by Conor Timmins.
19:46 of 2nd period - Wrist shot by Kent Johnson.
19:46 of 2nd period - Shot Blocked by Conor Timmins.
19:48 of 2nd period - Wrist shot by Jonathan Marchessault.
19:48 of 2nd period - Shot Blocked by Jayden Struble.
19:50 of 2nd period - Snap shot by Kent Johnson.
19:50 of 2nd period - Shot Misses the Net.
19:52 of 2nd period - Wrist shot by Rasmus Dahlin.
19:52 of 2nd period - Stopped by Laurent Brossoit with a rebound.
19:56 of 2nd period - Snap shot by Kent Johnson.
19:56 of 2nd period - Shot Misses the Net.
19:58 of 2nd period - Snap shot by Jonathan Marchessault.
19:58 of 2nd period - Goal by Jonathan Marchessault - Minnesota North Stars : 3 - Detroit Red Wings : 4.
19:59 of 2nd period - Jack Hughes wins face-off versus Steven Stamkos in neutral zone.
Goals for this period are 1 for Minnesota North Stars vs 4 for Detroit Red Wings.
Shots for this period are 17 for Minnesota North Stars vs 12 for Detroit Red Wings.
3rd period
0:01 of 3rd period - Brock Nelson wins face-off versus Steven Stamkos in neutral zone.
0:48 of 3rd period - Raphael Lavoie is hit by Ryan Nugent-Hopkins and loses puck.
1:10 of 3rd period - Shayne Gostisbehere is hit by William Eklund and loses puck.
2:12 of 3rd period - Snap shot by Kasperi Kapanen.
2:12 of 3rd period - Shot Misses the Net.
2:14 of 3rd period - Snap shot by Kasperi Kapanen.
2:14 of 3rd period - Shot Misses the Net.
2:16 of 3rd period - Slapshot by Ryan Graves.
2:16 of 3rd period - Deflect By William Karlsson.
2:16 of 3rd period - Stopped by Charlie Lindgren without a rebound.
2:17 of 3rd period - Yakov Trenin wins face-off versus Brock Nelson in Minnesota North Stars zone.
2:20 of 3rd period - Wrist shot by Yakov Trenin.
2:20 of 3rd period - Deflect By Vasili Podkolzin.
2:20 of 3rd period - Stopped by Charlie Lindgren with a rebound.
2:58 of 3rd period - Yakov Trenin is hit by Ryan Nugent-Hopkins and loses puck.
3:07 of 3rd period - Neal Pionk is hit by Jamie Drysdale and loses puck.
3:34 of 3rd period - Ryan Nugent-Hopkins is hit by Jayden Struble and loses puck.
4:15 of 3rd period - Wrist shot by Valeri Nichushkin.
4:15 of 3rd period - Shot Misses the Net.
4:17 of 3rd period - Slapshot by Matt Roy.
4:17 of 3rd period - Shot Misses the Net.
4:19 of 3rd period - Wrist shot by Matt Roy.
4:19 of 3rd period - Stopped by Laurent Brossoit with a rebound.
4:21 of 3rd period - Snap shot by Matt Roy.
4:21 of 3rd period - Shot Blocked by Vasili Podkolzin.
4:23 of 3rd period - Snap shot by Ryan Nugent-Hopkins.
4:23 of 3rd period - Shot Misses the Net.
4:25 of 3rd period - Snap shot by Ryan Nugent-Hopkins.
4:25 of 3rd period - Stopped by Laurent Brossoit with a rebound.
4:27 of 3rd period - Snap shot by Neal Pionk.
4:27 of 3rd period - Deflect By Ryan Nugent-Hopkins.
4:27 of 3rd period - Shot Misses the Net.
4:27 of 3rd period - Puck is out of play.
4:28 of 3rd period - Brock Nelson wins face-off versus Steven Stamkos in Detroit Red Wings zone.
4:35 of 3rd period - Snap shot by William Eklund.
4:35 of 3rd period - Shot Blocked by Jamie Drysdale.
5:17 of 3rd period - Slapshot by Frank Vatrano.
5:17 of 3rd period - Shot Misses the Net.
5:19 of 3rd period - Wrist shot by Evgeni Malkin.
5:19 of 3rd period - Shot Misses the Net.
5:21 of 3rd period - Snap shot by Evgeni Malkin.
5:21 of 3rd period - Goal by Evgeni Malkin - Minnesota North Stars : 4 - Detroit Red Wings : 4.
5:22 of 3rd period - Jack Hughes wins face-off versus Cutter Gauthier in neutral zone.
5:25 of 3rd period - Slapshot by Jack Hughes.
5:25 of 3rd period - Shot Misses the Net.
5:27 of 3rd period - Slapshot by Erik Cernak.
5:27 of 3rd period - Shot Blocked by Cutter Gauthier.
5:29 of 3rd period - Snap shot by Evgeni Malkin.
5:29 of 3rd period - Deflect By Jack Hughes.
5:29 of 3rd period - Shot Misses the Net.
5:29 of 3rd period - Puck is out of play.
5:30 of 3rd period - Steven Stamkos wins face-off versus Jack Hughes in Detroit Red Wings zone.
5:30 of 3rd period - Steven Stamkos is hit by Rasmus Dahlin.
5:36 of 3rd period - Evgeni Malkin is hit by Ryan Graves.
5:51 of 3rd period - Snap shot by Jack Hughes.
5:51 of 3rd period - Shot Misses the Net.
5:53 of 3rd period - Slapshot by Erik Cernak.
5:53 of 3rd period - Stopped by Laurent Brossoit with a rebound.
5:55 of 3rd period - Slapshot by Erik Cernak.
5:55 of 3rd period - Stopped by Laurent Brossoit with a rebound.
5:57 of 3rd period - Slapshot by Erik Cernak.
5:57 of 3rd period - Deflect By Evgeni Malkin.
5:57 of 3rd period - Goal by Evgeni Malkin - Minnesota North Stars : 5 - Detroit Red Wings : 4.
5:58 of 3rd period - Brock Nelson wins face-off versus Steven Stamkos in neutral zone.
6:03 of 3rd period - Off-side.
6:04 of 3rd period - Brock Nelson wins face-off versus Steven Stamkos in neutral zone.
6:40 of 3rd period - Wrist shot by Steven Stamkos.
6:40 of 3rd period - Goal by Steven Stamkos - Minnesota North Stars : 5 - Detroit Red Wings : 5.
6:41 of 3rd period - Jack Hughes wins face-off versus Cole Sillinger in neutral zone.
6:46 of 3rd period - Slapshot by Jack Hughes.
6:46 of 3rd period - Shot Misses the Net.
7:50 of 3rd period - Slapshot by Vasili Podkolzin.
7:50 of 3rd period - Shot Misses the Net.
7:52 of 3rd period - Snap shot by Yakov Trenin.
7:52 of 3rd period - Deflect By Vasili Podkolzin.
7:52 of 3rd period - Shot Blocked by Gustav Forsling.
7:52 of 3rd period - Puck is out of play.
7:53 of 3rd period - Yakov Trenin wins face-off versus Jack Hughes in Minnesota North Stars zone.
8:00 of 3rd period - Snap shot by Yakov Trenin.
8:00 of 3rd period - Stopped by Charlie Lindgren with a rebound.
8:02 of 3rd period - Wrist shot by Yakov Trenin.
8:02 of 3rd period - Stopped by Charlie Lindgren with a rebound.
8:04 of 3rd period - Wrist shot by Vasili Podkolzin.
8:04 of 3rd period - Shot Misses the Net.
8:06 of 3rd period - Snap shot by Vasili Podkolzin.
8:06 of 3rd period - Stopped by Charlie Lindgren with a rebound.
8:08 of 3rd period - Snap shot by Vasili Podkolzin.
8:08 of 3rd period - Shot Misses the Net.
8:10 of 3rd period - Slapshot by Ryan Graves.
8:10 of 3rd period - Shot Blocked by Neal Pionk.
8:12 of 3rd period - Wrist shot by Kasperi Kapanen.
8:12 of 3rd period - Stopped by Charlie Lindgren with a rebound.
8:17 of 3rd period - Minor Penalty to Neal Pionk for Delaying the game.
8:18 of 3rd period - Cole Sillinger wins face-off versus William Karlsson in Minnesota North Stars zone.
8:20 of 3rd period - Backhand shot by Max Pacioretty.
8:20 of 3rd period - Stopped by Charlie Lindgren with a rebound.
8:22 of 3rd period - Snap shot by Tanner Pearson.
8:22 of 3rd period - Stopped by Charlie Lindgren with a rebound.
8:51 of 3rd period - Wrist shot by Patrick Kane.
8:51 of 3rd period - Shot Misses the Net.
8:53 of 3rd period - Snap shot by Patrick Kane.
8:53 of 3rd period - Shot Misses the Net.
10:17 of 3rd period - Penalty to Neal Pionk is over, Neal Pionk is back on ice.
10:31 of 3rd period - Evgeni Malkin is hit by Peyton Krebs and loses puck.
10:49 of 3rd period - Snap shot by Kent Johnson.
10:49 of 3rd period - Stopped by Laurent Brossoit without a rebound.
10:50 of 3rd period - Yakov Trenin wins face-off versus Valeri Nichushkin in Detroit Red Wings zone.
11:12 of 3rd period - Icing by Kasperi Kapanen.
11:13 of 3rd period - Brock Nelson wins face-off versus Cole Sillinger in Detroit Red Wings zone.
11:18 of 3rd period - Snap shot by Brock Nelson.
11:18 of 3rd period - Goal by Brock Nelson - Minnesota North Stars : 6 - Detroit Red Wings : 5.
11:19 of 3rd period - Cole Sillinger wins face-off versus Brock Nelson in neutral zone.
12:19 of 3rd period - Slapshot by Peyton Krebs.
12:19 of 3rd period - Deflect By Kevin Stenlund.
12:19 of 3rd period - Shot Blocked by Erik Cernak.
12:19 of 3rd period - Puck is out of play.
12:20 of 3rd period - Brock Nelson wins face-off versus Cole Sillinger in Minnesota North Stars zone.
12:20 of 3rd period - Brock Nelson is hit by Max Pacioretty.
12:28 of 3rd period - Slapshot by Shayne Gostisbehere.
12:28 of 3rd period - Deflect By Neal Pionk.
12:28 of 3rd period - Stopped by Charlie Lindgren with a rebound.
12:30 of 3rd period - Slapshot by Shayne Gostisbehere.
12:30 of 3rd period - Stopped by Charlie Lindgren without a rebound.
12:31 of 3rd period - Jack Hughes wins face-off versus Cole Sillinger in Minnesota North Stars zone.
12:36 of 3rd period - Wrist shot by Frank Vatrano.
12:36 of 3rd period - Shot Misses the Net.
12:38 of 3rd period - Slapshot by Gustav Forsling.
12:38 of 3rd period - Stopped by Laurent Brossoit with a rebound.
12:46 of 3rd period - Snap shot by Frank Vatrano.
12:46 of 3rd period - Stopped by Laurent Brossoit without a rebound.
12:47 of 3rd period - Brock Nelson wins face-off versus Steven Stamkos in Detroit Red Wings zone.
13:14 of 3rd period - Tanner Pearson is hit by Evgeni Malkin and loses puck.
13:41 of 3rd period - Kevin Stenlund is hit by Ryan Nugent-Hopkins and loses puck.
13:58 of 3rd period - Snap shot by William Karlsson.
13:58 of 3rd period - Stopped by Laurent Brossoit with a rebound.
14:00 of 3rd period - Minor Penalty to Ryan Graves for Delaying the game.
14:01 of 3rd period - Cole Sillinger wins face-off versus Jack Hughes in Detroit Red Wings zone.
14:26 of 3rd period - Snap shot by Cole Sillinger.
14:26 of 3rd period - Shot Blocked by Rasmus Dahlin.
14:32 of 3rd period - Jack Hughes is hit by Conor Timmins and loses puck.
14:41 of 3rd period - Snap shot by Matt Roy.
14:41 of 3rd period - Stopped by Laurent Brossoit without a rebound.
14:42 of 3rd period - Steven Stamkos wins face-off versus Evgeni Malkin in Detroit Red Wings zone.
14:42 of 3rd period - Steven Stamkos is hit by William Eklund.
16:00 of 3rd period - Penalty to Ryan Graves is over, Ryan Graves is back on ice.
17:40 of 3rd period - Icing by Max Pacioretty.
17:41 of 3rd period - Jack Hughes wins face-off versus Steven Stamkos in Detroit Red Wings zone.
18:06 of 3rd period - Kevin Stenlund is hit by Erik Cernak and loses puck.
18:31 of 3rd period - Detroit Red Wings, Laurent Brossoit is pulled from the net.
18:33 of 3rd period - Wrist shot by Peyton Krebs.
18:33 of 3rd period - Shot Blocked by Jack Hughes.
18:35 of 3rd period - Slapshot by Raphael Lavoie.
18:35 of 3rd period - Stopped by Charlie Lindgren with a rebound.
18:37 of 3rd period - Slapshot by Ryan Graves.
18:37 of 3rd period - Stopped by Charlie Lindgren without a rebound.
18:38 of 3rd period - Brock Nelson wins face-off versus Steven Stamkos in Minnesota North Stars zone.
18:38 of 3rd period - Brock Nelson is hit by Cutter Gauthier.
18:46 of 3rd period - Slapshot by Jonathan Marchessault.
18:46 of 3rd period - Goal by Jonathan Marchessault - Minnesota North Stars : 7 - Detroit Red Wings : 5.
18:46 of 3rd period - Laurent Brossoit from Detroit Red Wings was sent back in the game.
18:47 of 3rd period - Brock Nelson wins face-off versus Kevin Stenlund in neutral zone.
18:50 of 3rd period - Wrist shot by William Eklund.
18:50 of 3rd period - Shot Misses the Net.
18:52 of 3rd period - Slapshot by Gustav Forsling.
18:52 of 3rd period - Shot Blocked by Jamie Drysdale.
19:00 of 3rd period - Snap shot by Shayne Gostisbehere.
19:00 of 3rd period - Shot Misses the Net.
19:21 of 3rd period - Snap shot by Steven Stamkos.
19:21 of 3rd period - Shot Blocked by Valeri Nichushkin.
Goals for this period are 4 for Minnesota North Stars vs 1 for Detroit Red Wings.
Shots for this period are 13 for Minnesota North Stars vs 13 for Detroit Red Wings.
Back to the Top